 Dungeon Sprint DCSS version bcrawl-1.40.3b (webtiles) character file.

Game seed: 5645879381458010859

1008781 Groucho the Imperceptible (level 12, 17/77 HPs)
             Began as a Felid Berserker on Dec 26, 2023.
             Was the Champion of Trog.
             Escaped with the Orb!
             The game lasted 00:14:48 (2841 turns).

Groucho the Imperceptible (Felid Berserker)         Turns: 2841, Time: 00:14:48

Health: 17/77      AC:  3    Str: 13    XL:     12   Next: 20%
Magic:  13/13      EV: 39    Int:  5    God:    Trog [******]
Gold:   3428       SH:  0    Dex: 24    Spells: 11/11 levels left
                                        Lives:  0   Deaths: 3

rFire    + . .     GDR:     34%   - Teeth and claws (31.3)
rCold    + . .     SeeInvis +   (shield unavailable)
rNeg     + . .     Gourm    .   (armour unavailable)
rPois    .         Faith    .   (helmet unavailable)
rElec    .         Spirit   .   (cloak restricted)
rCorr    .         Reflect  .   (gloves unavailable)
MR       +....     NoTele   +   (boots unavailable)
Stlth    +++.......             (no amulet)
HPRegen  0.22/turn              l - ring of protection from fire
MPRegen  0.13/turn              k - ring "Tayteqy" {+Fly rN+ Int-4 Dex+4}

@: flying, quick
A: very small, no armour, no weapons or thrown items, stealth, claws 1, fangs 3,
see invisible, carnivore, speed 1, shaggy fur 3, slow metabolism 1, sharp paws
0: Orb of Zot
a: Berserk, Trog's Hand, Brothers in Arms, Renounce Religion, Stop Flying


You escaped.
You worshipped Trog.
Trog was exalted by your worship.
You were very full.

You visited 1 branch You collected 4317 gold pieces.
You spent 889 gold pieces at shops.

Inventory:

Jewellery
 k - the ring "Tayteqy" (right paw) {+Fly rN+ Int-4 Dex+4}
   (You bought it in a shop in the Dungeon)

   [ring of flight]

   It affects your intelligence (-4).
   It affects your dexterity (+4).
   It protects you from negative energy.
   It lets you fly.
 l - a ring of protection from fire (left paw)
 o - the ring "Odyep" {Wiz rElec rPois Str-5 Slay+2, unknown}
   (You found it in the Dungeon)

   [ring of wizardry]

   It improves your spell success rate.
   It affects your strength (-5).
   It affects your accuracy and damage with ranged weapons and melee attacks
   (+2).
   It insulates you from electricity.
   It protects you from poison.
 q - an uncursed amulet of the acrobat {unknown}
Wands
 h - a wand of polymorph (23)
 j - a wand of digging (7)
Scrolls
 c - a scroll of vulnerability {unknown}
 g - 2 scrolls of fog {unknown}
 i - a scroll of identify
Potions
 a - 2 potions of magic
 b - 2 potions of curing
 f - a potion of berserk rage
 p - a potion of might {unknown}
Miscellaneous
 e - a lamp of fire
 m - a phial of floods
Comestibles
 r - 2 chunks of flesh


   Skills:
 + Level 15.6 Fighting
 + Level 19.4 Dodging
 - Level 25.0 Stealth
 + Level 18.0 Unarmed Combat


You had 11 spell levels left.
You didn't know any spells.
Your spell library was empty.

Dungeon Overview and Level Annotations

Branches:
Dungeon (1/1)

Altars:
Cheibriados
Dithmenos
Elyvilon
Fedhas
Gozag
Hepliaklqana
Kikubaaqudgha
Lugonu
Makhleb
Nemelex Xobeh
Okawaru
Qazlal
Ru
Sif Muna
Trog
Uskayaw
Vehumet
Wu Jian
Xom
Yredelemnul
Zin
The Shining One
Jiyva

Shops:
D **?}([?=[*}!(=*[[=

Annotations:
D Lom Lobon, Tiamat


Innate Abilities, Weirdness & Mutations

You cannot wear almost all types of armour.
You are incapable of wielding weapons or throwing items.
Your paws allow you to move quietly. (Stealth)
You have sharp claws.
You have razor-sharp teeth.
You have supernaturally acute eyesight. (SInv)
You are carnivorous and can eat meat at any time.
You cover ground quickly.
Your thick and shaggy fur keeps you warm. (AC +3, rC+)
You have a slow metabolism.
Your sharp claws are effective at attacking unaware monsters.


Message History

No path to travel!
No path to travel!
You mangle Qimn!!
Qimn is lightly wounded.
Qimn misses you.
The Hell Sentinel completely misses you.
The Hell Sentinel closely misses you. The orange demon completely misses you.
Qimn closely misses you. Qimn completely misses you. Qimn misses you.
Qimn completely misses you.
There is an open door, spattered with blood here.
Things that are here:
a +1 scythe of venom; a +0 robe
There is an open door here.
There is an open door here.
Items here: ( )) [ a +2 dagger of venom; a +0 hunting sling; 221 sling bullets; a +0 ring mail
There is an open door here.
There is a staircase leading out of the dungeon here.
You have escaped!

##################
#@.#..'..#.)'&4#__
#..').#.)'.1#..'..
#..#####'#####'#__
#..####..#...#§###
#..#__####..##§#≈§
#..#_____##'#_.'≈≈
#⌠⌠#_.∩...'..._#≈≈
####_..__##_.#'##+
#_____###'#.#[.


There were no monsters in sight!

Vanquished Creatures
  A golden dragon (D)
  A shadow dragon (D)
  4 fire giants (D)
  A hydra (D)
  Sonja (D)
  2 centaur warriors (D)
  A deep troll (D)
  7 unseen horrors (D)
  A lindwurm (D)
  An oklob plant (D)
  A merfolk siren (D)
  A kobold demonologist (D)
  2 demonic crawlers (D)
  2 hornets (D)
  A slime creature (D)
  Sigmund (D)
  A yak (D)
  13 hogs (D)
  2 redbacks (D)
  2 floating eyes (D)
  An ogre (D)
  7 necrophages (D)
  8 jellies (D)
  Ijyb (D)
  2 ballistomycetes (D)
65 creatures vanquished.

Vanquished Creatures (collateral kills)
  A daeva (D)
  2 demonic crawlers (D)
  A kobold demonologist (D)
  A floating eye (D)
5 creatures vanquished.

Vanquished Creatures (others)
  the Lernaean hydra (D)
  A deep elf master archer (D)
  A merfolk siren (D)
  A gargoyle (D)
  A hellwing (D)
  3 hornets (D)
  2 ballistomycete spores (D)
10 creatures vanquished.

Grand Total: 80 creatures vanquished

Notes
Turn   | Place    | Note
-------+----------+-------------------------------------------
     0 | D        | Groucho the Felid Berserker began the quest for the Orb.
     0 | D        | Reached XP level 1. HP: 12/12 MP: 2/2
     1 | D        | Noticed Ijyb
     2 | D        | Reached skill level 6 in Stealth
     2 | D        | Reached XP level 2. HP: 16/16 MP: 3/3
     9 | D        | Killed Ijyb
   155 | D        | Noticed an ogre
   156 | D        | Reached skill level 10 in Stealth
   156 | D        | Reached XP level 3. HP: 20/20 MP: 4/4
   157 | D        | Killed an ogre
   170 | D        | Noticed Sigmund
   171 | D        | Reached skill level 13 in Stealth
   171 | D        | Reached XP level 4. HP: 24/24 MP: 5/5
   171 | D        | Reached XP level 5. HP: 28/28 MP: 6/6
   172 | D        | Killed Sigmund
   172 | D        | Reached ** piety under Trog
   186 | D        | Found a shimmering blue altar of Sif Muna.
   187 | D        | Found an ornate altar of the Wu Jian Council.
   188 | D        | Found a radiant altar of Vehumet.
   213 | D        | Found Vuonilla's Assorted Antiques.
   213 | D        | Found an ancient bone altar of Kikubaaqudgha.
   213 | D        | Found a hazy altar of Hepliaklqana.
   213 | D        | Found a hide-covered altar of Uskayaw.
   213 | D        | Found a basalt altar of Yredelemnul.
   213 | D        | Found an opulent altar of Gozag.
   213 | D        | Found a snail-covered altar of Cheibriados.
   213 | D        | Found a sacrificial altar of Ru.
   213 | D        | Found a shadowy altar of Dithmenos.
   213 | D        | Noticed a yak
   214 | D        | Reached skill level 15 in Stealth
   214 | D        | Found a stormy altar of Qazlal.
   214 | D        | Found a blossoming altar of Fedhas.
   214 | D        | Found a bloodstained altar of Trog.
   214 | D        | Found an iron altar of Okawaru.
   214 | D        | Found a glowing golden altar of the Shining One.
   214 | D        | Found a glowing silver altar of Zin.
   214 | D        | Found a white marble altar of Elyvilon.
   215 | D        | Killed a yak
   216 | D        | Found a sparkling altar of Nemelex Xobeh.
   231 | D        | Found a viscous altar of Jiyva.
   231 | D        | Found a corrupted altar of Lugonu.
   231 | D        | Noticed a slime creature
   232 | D        | Reached skill level 16 in Stealth
   232 | D        | Gained mutation: You are covered in thick fur. (AC +2)
                  | [Felid growth]
   232 | D        | Reached XP level 6. HP: 32/32 MP: 7/7
   232 | D        | Found a burning altar of Makhleb.
   232 | D        | Found a shimmering altar of Xom.
   234 | D        | Killed a slime creature
   234 | D        | Reached *** piety under Trog
   274 | D        | Noticed a centaur warrior
   274 | D        | Reached skill level 19 in Stealth
   274 | D        | Reached XP level 7. HP: 36/36 MP: 8/8
   274 | D        | Noticed a centaur warrior
   275 | D        | Reached skill level 21 in Stealth
   275 | D        | Reached XP level 8. HP: 40/40 MP: 9/9
   275 | D        | Killed a centaur warrior
   276 | D        | Killed a centaur warrior
   286 | D        | Noticed a hornet
   299 | D        | Killed a hornet
   371 | D        | Noticed an oklob plant
   372 | D        | Reached skill level 22 in Stealth
   373 | D        | Killed an oklob plant
   373 | D        | Reached **** piety under Trog
   410 | D        | Noticed an unseen horror
   411 | D        | Reached skill level 23 in Stealth
   411 | D        | Reached skill level 5 in Dodging
   411 | D        | Reached skill level 5 in Unarmed Combat
   412 | D        | Noticed an unseen horror
   413 | D        | Reached skill level 5 in Fighting
   413 | D        | Reached XP level 9. HP: 47/47 MP: 10/10
   417 | D        | Killed an unseen horror
   438 | D        | Killed an unseen horror
   610 | D        | Reached ***** piety under Trog
   709 | D        | Killed a gargoyle
   717 | D        | Killed a hornet
   787 | D        | Identified Ukol Foc's Disquisition on Transmigration and
                  | the Mountains
   789 | D        | Reached ****** piety under Trog
   809 | D        | Found Archits's Gadget Shoppe.
   809 | D        | Found Mymicara's Magic Scroll Shop.
   809 | D        | Found Lune's Weapon Boutique.
   811 | D        | Found Onunoynu's Antique Armour Emporium.
   811 | D        | Found Huoxoizu's Magic Scroll Shop.
   811 | D        | Found Ledoq's Jewellery Shoppe.
   811 | D        | Found Kiammyigusk's Antique Armour Boutique.
   811 | D        | Found Zapiy's Assorted Antiques.
   811 | D        | Found Natsytiw's Gadget Shop.
   811 | D        | Found Qepsaih's Distillery.
   814 | D        | Bought a wand of digging (9) for 220 gold pieces
   815 | D        | Found Cyprid's Antique Weapon Boutique.
   816 | D        | Found Cimeik's General Store.
   816 | D        | Found Nounkac's Jewellery Boutique.
   817 | D        | Found Xororph's Armour Emporium.
   825 | D        | Bought the ring "Tayteqy" {+Fly rN+ Int-4 Dex+4} for 394
                  | gold pieces
   833 | D        | Bought an uncursed ring of protection from fire for 275
                  | gold pieces
   883 | D        | Noticed a deep troll
   885 | D        | Killed a deep troll
   897 | D        | Found Dosiwn's Armour Emporium.
   910 | D        | Noticed Sonja
   913 | D        | Killed Sonja
   930 | D        | Killed a hornet
   973 | D        | Found Cufoa's General Store.
  1064 | D        | Noticed a kobold demonologist
  1065 | D        | Noticed a kobold demonologist
  1066 | D        | Noticed a hellwing
  1068 | D        | Killed a kobold demonologist
  1070 | D        | Noticed an orange demon
  1070 | D        | Killed a kobold demonologist
  1301 | D        | Noticed a demonic crawler
  1301 | D        | Noticed a demonic crawler
  1301 | D        | Noticed a demonic crawler
  1301 | D        | Noticed a demonic crawler
  1302 | D        | Reached skill level 10 in Dodging
  1302 | D        | Reached XP level 10. HP: 56/56 MP: 11/11
  1303 | D        | Killed a demonic crawler
  1304 | D        | Killed a demonic crawler
  1317 | D        | Killed a demonic crawler
  1318 | D        | Killed a demonic crawler
  1427 | D        | Killed the 27-headed Lernaean hydra
  1458 | D        | Killed a deep elf master archer
  1495 | D        | Noticed a lindwurm
  1499 | D        | Killed a lindwurm
  1508 | D        | Reached skill level 10 in Unarmed Combat
  1510 | D        | Reached skill level 24 in Stealth
  1547 | D        | Noticed a 12-headed hydra
  1549 | D        | Killed a 12-headed hydra
  1614 | D        | Noticed a shadow dragon
  1614 | D        | Noticed a golden dragon
  1614 | D        | Reached XP level 11. HP: 65/65 MP: 12/12
  1617 | D        | Killed a shadow dragon
  1619 | D        | Killed a golden dragon
  1684 | D        | Found Owe Jy Res's Jewellery Shoppe.
  1727 | D        | Noticed a deep elf annihilator
  2158 | D        | Noticed a daeva
  2162 | D        | Noticed an unseen horror
  2162 | D        | Noticed an unseen horror
  2162 | D        | Noticed an unseen horror
  2162 | D        | Noticed an unseen horror
  2163 | D        | Reached skill level 15 in Dodging
  2164 | D        | Killed an unseen horror
  2165 | D        | Noticed an unseen horror
  2166 | D        | Killed an unseen horror
  2167 | D        | Killed an unseen horror
  2169 | D        | Killed an unseen horror
  2171 | D        | Killed an unseen horror
  2189 | D        | HP: 3/66 [daeva/+4 scimitar of holy wrath (21)]
  2189 | D        | Slain by a daeva
  2190 | D        | Reached XP level 10. HP: -3/62 MP: 11/11
  2272 | D        | Engulfed by a cloud of freezing vapour
  2273 | D        | Reached XP level 9. HP: -16/57 MP: 10/10
  2292 | D        | Mangled by a daeva
  2293 | D        | Reached XP level 8. HP: -12/53 MP: 9/9
  2302 | D        | Killed a daeva
  2633 | D        | Got a bound marble ring
  2658 | D        | Noticed a fire giant
  2659 | D        | Reached XP level 9. HP: 58/58 MP: 10/10
  2661 | D        | Noticed a fire giant
  2662 | D        | Noticed a fire giant
  2663 | D        | Reached XP level 10. HP: 63/63 MP: 11/11
  2663 | D        | Noticed a fire giant
  2664 | D        | Reached skill level 25 in Stealth
  2665 | D        | Killed a fire giant
  2669 | D        | Killed a fire giant
  2671 | D        | Killed a fire giant
  2673 | D        | Killed a fire giant
  2742 | D        | Identified the +4 dragonskin cloak
  2742 | D        | Noticed Tiamat
  2743 | D        | Reached skill level 15 in Unarmed Combat
  2743 | D        | Reached XP level 11. HP: 69/69 MP: 10/12
  2750 | D        | Noticed Lom Lobon
  2758 | D        | Got the Orb of Zot
  2808 | D        | Noticed Kunaapum the pandemonium lord
  2808 | D        | Noticed a soul eater
  2809 | D        | Reached skill level 15 in Fighting
  2814 | D        | Noticed Qimn the pandemonium lord
  2814 | D        | Gained mutation: Your thick and shaggy fur keeps you warm.
                  | (AC +3, rC+) [Felid growth]
  2814 | D        | Reached XP level 12. HP: 47/77 MP: 13/13
  2821 | D        | Noticed a Hell Sentinel
  2841 | D        | Escaped with the Orb!

Skill      XL: |  1  2  3  4  5  6  7  8  9 10 11 12 |
---------------+-------------------------------------+-----
Stealth        | 6 10 13 16 19 21 23 25 | 25.0
Fighting       | 5 8 13 15 | 15.6
Dodging        | 6 10 17 19 | 19.4
Unarmed Combat | 6 9 15 17 18 | 18.0

Action                   |  1- 3 |  4- 6 |  7- 9 | 10-12 || total
-------------------------+-------+-------+-------+-------++-------
Melee: Unarmed           |     7 |     4 |    73 |    60 ||   144
       Bite              |       |       |    10 |     3 ||    13
       Punch             |       |       |     2 |     1 ||     3
Invok: Berserk           |     1 |       |     3 |       ||     4
       Trog's Hand       |       |       |     4 |     3 ||     7
       Brothers in Arms  |       |       |     3 |     2 ||     5
 Abil: Evoke Flight      |       |       |     1 |     1 ||     2
Evoke: Wand              |       |       |       |     3 ||     3
  Use: Scroll            |       |       |     1 |     1 ||     2
       Potion            |       |       |     2 |     3 ||     5
 Stab: Sleeping          |     1 |     4 |    14 |    25 ||    44
  Eat: Ration            |       |       |     3 |       ||     3
       Chunk             |       |       |       |     6 ||     6
Armor: Skin              |       |       |     1 |     1 ||     2
Dodge: Dodged            |     1 |       |    45 |    61 ||   107
